 Dungeon Crawl Stone Soup version 0.30-a0-715-gdb4ae3ece1 (webtiles) character file.

Game seed: 11548441455303617773

1207919 wormed the Ninja (level 27, -4/207 (236) HPs)
             Began as a Naga Fire Elementalist on Jan 23, 2023.
             Was the Champion of Vehumet.
             Killed from afar by a Hell Sentinel (53 damage)
             ... with damnation
             ... on level 6 of the Iron City of Dis.
             The game lasted 05:57:25 (106004 turns).

wormed the Ninja (Naga Fire Elementalist)         Turns: 106004, Time: 05:57:25

HP:   -4/207 (236)  AC: 24    Str: 17    XL:     27
MP:   15/40         EV:  9    Int: 35    God:    Vehumet [******]
Gold: 10103         SH: 20    Dex:  7    Spells: 1/62 levels left

rFire   + + +      SeeInvis +    H - +3 Elemental Staff {rElec rF++ rC++ AC+5}
rCold   + + +      Faith    .    D - +8 kite shield of Impatience {Regen+}
rNeg    . . .      Spirit   .    d - +2 robe {Archmagi}
rPois   +          Reflect  .    (helmet restricted)
rElec   +          Harm     .    U - +0 cloak of the Cobbler {Int+3}
rCorr   .          Rampage  .    c - +1 pair of gloves of Wayfeb {Fly Will++ Str+3 Dex-3}
Will    +++++      Archmagi +    G - +4 barding {rC+}
Stlth   +++++++++  Clarity  +    g - amulet of magic regeneration
HPRegen 1.34/turn                J - +6 ring of intelligence
MPRegen 0.67/turn                q - ring of Wusepoeti {Fire +Blink Will+}

@: flying, studying Unarmed Combat, heavily drained, corroded, very slow
A: AC +9, large, see invisible, deformed body, poison resistance, slowness 2,
spit poison 1, naga tail 2, beak, clarity, clumsy 1, cold resistance 1, low MP
1, sense surroundings 1, MP-powered wands
}: 13/15 runes: barnacled, slimy, silver, obsidian, icy, bone, abyssal, demonic,
glowing, magical, fiery, dark, gossamer
a: Spit Poison, Renounce Religion, Evoke Blink


You were on level 6 of the Iron City of Dis.
You worshipped Vehumet.
Vehumet was exalted by your worship.
You visited 18 branches of the dungeon, and saw 85 of its levels.
You visited Pandemonium 1 time, and saw 16 of its levels.
You visited the Abyss 4 times.
You visited 1 bazaar.
You also visited: Sewer, Ice Cave and Wizlab.

You collected 15485 gold pieces.
You spent 5382 gold pieces at shops.

Inventory:

Hand Weapons
 H - the +3 Elemental Staff (weapon) {rElec rF++ rC++ AC+5}
   (You found it on level 3 of the Elven Halls)

   It enhances your fire, ice, earth and air magic.
   AC:        It affects your AC (+5).
   rF:        It greatly protects you from fire.
   rC:        It greatly protects you from cold.
   rElec:     It insulates you from electricity.
 N - the +6 Majin-Bo {spellvamp, MP+6 Int+6}
   (You found it on level 2 of the Crypt)

   Int:       It affects your intelligence (+6).
   MP:        It affects your magic capacity (+6).
Missiles
 K - 13 throwing nets
 W - 7 silver javelins
Armour
 c - the +1 pair of gloves of Wayfeb (worn) {Fly Will++ Str+3 Dex-3}
   (You found it on level 5 of the Pits of Slime)

   Str:       It affects your strength (+3).
   Dex:       It affects your dexterity (-3).
   Fly:       It grants you flight.
   Will:      It greatly increases your willpower.
 d - a +2 robe of the Archmagi (worn)
 x - a +1 helmet of intelligence
 D - the +8 kite shield of Impatience (worn) {Regen+}
   (You acquired it on level 2 of the Shoals)

   Regen:     It increases your rate of health regeneration.
 G - a +4 barding of cold resistance (worn)
 U - the +0 cloak of the Cobbler (worn) {Int+3}
   (You found it on level 4 of the Lair of Beasts)

   Int:       It affects your intelligence (+3).
Jewellery
 f - the ring "Kyutz" {rCorr EV+5 Slay+3}
   (You acquired it on level 5 of the Vaults)

   [ring of evasion]

   EV:        It affects your evasion (+5).
   Slay:      It affects your accuracy & damage with ranged weapons and melee
   (+3).
   rCorr:     It protects you from acid and corrosion.
 g - an amulet of magic regeneration (around neck)
 n - the ring of Xoawobla {rPois rCorr Slay+3 Stlth+}
   (You found it on level 7 of Cocytus)

   [ring of poison resistance]

   Slay:      It affects your accuracy & damage with ranged weapons and melee
   (+3).
   rPois:     It protects you from poison.
   rCorr:     It protects you from acid and corrosion.
   Stlth:     It makes you more stealthy.
 q - the ring of Wusepoeti (right hand) {Fire +Blink Will+}
   (You took it off an ancient champion on level 3 of the Crypt)

   [ring of fire]

   It enhances your fire magic.
   rF:        It protects you from fire.
   rC:        It makes you vulnerable to cold.
   +Blink:    It lets you blink.
   Will:      It increases your willpower.
 B - the ring "Ucaplud" {rPois Str+6 Dex+3}
   (You took it off a demonspawn warmonger in Pandemonium)

   [ring of strength]

   Str:       It affects your strength (+6).
   Dex:       It affects your dexterity (+3).
   rPois:     It protects you from poison.
 J - a +6 ring of intelligence (left hand)
Wands
 s - a wand of flame (31)
 u - a wand of charming (22)
 M - a wand of polymorph (13)
 O - a wand of roots (50)
 S - a wand of digging (32)
 T - a wand of quicksilver (87)
 Y - a wand of mindburst (22)
Scrolls
 a - 10 scrolls of fear
 e - 6 scrolls of amnesia
 m - 9 scrolls of poison
 r - 12 scrolls of fog
 v - 21 scrolls of teleportation
 w - 9 scrolls of magic mapping
 y - 7 scrolls of torment
 C - 12 scrolls of enchant weapon
 I - 8 scrolls of blinking
 P - 3 scrolls of brand weapon
 Q - 9 scrolls of immolation
 R - 6 scrolls of butterflies
 V - 6 scrolls of enchant armour
 X - 4 scrolls of silence
Potions
 b - 4 potions of magic
 h - 4 potions of brilliance
 i - 15 potions of flight
 j - 5 potions of invisibility
 k - 12 potions of attraction
 l - 4 potions of cancellation
 o - 5 potions of haste (quivered)
 p - 36 potions of curing
 t - 9 potions of heal wounds
 z - 15 potions of might
 A - 13 potions of berserk rage
 E - 11 potions of lignification
 F - 4 potions of resistance
 Z - 10 potions of ambrosia


   Skills:
 - Level 12.0 Fighting
 - Level 12.0 Staves
 - Level 10.0 Throwing
 - Level 12.0 Armour
 - Level 12.0 Dodging
 O Level 27 Stealth
 - Level 16.0 Shields
 - Level 18.0 Spellcasting
 + Level 26.5 Conjurations
 + Level 23.4 Necromancy
 - Level 12.0 Translocations
 - Level 17.0 Transmutations
 - Level 19.0 Fire Magic
 - Level 19.0 Air Magic
 - Level 18.0 Earth Magic
 - Level 12.0 Evocations


You had one spell level left.
You knew the following spells:

 Your Spells              Type           Power      Damage    Failure   Level
a - Necromutation         Tmut/Necr      65%        N/A       2%          8
b - Fire Storm            Conj/Fire      94%        8d24      4%          9
c - Chain Lightning       Conj/Air       81%        3d108     4%          9
d - Iron Shot             Conj/Erth      80%        9d15      1%          6
e - Death's Door          Necr           69%        N/A       11%         9
i - Ignition              Fire           89%        3d23      1%          8
k - Blink                 Tloc           100%       N/A       1%          2
l - Dispersal             Tloc           53%        N/A       1%          6
p - Passage of Golubria   Tloc           100%       N/A       1%          4

Your spell library contained the following spells:

 Spells                   Type           Power      Damage    Failure   Level
 Shatter                  Erth           75%        3d55*     24%         9
 Apportation              Tloc           100%       N/A       0%          1
 Foxfire                  Conj/Fire      100%       2x1d9     0%          1
 Magic Dart               Conj           100%       1d8       0%          1
 Necrotise                Necr           100%       1d9       0%          1
 Sandblast                Erth           100%       2d20      0%          1
 Shock                    Conj/Air       100%       1d9       0%          1
 Freeze                   Ice            100%       1d10      1%          1
 Slow                     Hex            100%       N/A       1%          1
 Sting                    Tmut/Pois      100%       1d8       1%          1
 Summon Small Mammal      Summ           100%       N/A       1%          1
 Cigotuvi's Dreadful Rot  Necr/Pois/Air  100%       N/A       0%          2
 Momentum Strike          Conj/Tloc      100%       3d10      0%          2
 Passwall                 Tmut/Erth      100%       N/A       0%          2
 Scorch                   Fire           100%       2d10      0%          2
 Searing Ray              Conj           100%       2d8       0%          2
 Static Discharge         Conj/Air       100%       2-7/arc   0%          2
 Sublimation of Blood     Necr           100%       N/A       0%          2
 Wereblood                Tmut           100%       N/A       0%          2
 Dazzling Flash           Conj/Hex       100%       N/A       0%          3
 Hailstorm                Conj/Ice       100%       3d20      0%          3
 Kindle Blastsparks       Fire/Tloc/Air  100%       2d18      0%          3
 Mephitic Cloud           Conj/Pois/Air  100%       N/A       0%          3
 Stone Arrow              Conj/Erth      100%       3d13      0%          3
 Swiftness                Air            100%       N/A       0%          3
 Vampiric Draining        Necr           100%       2d13      0%          3
 Vhi's Electric Charge    Tloc/Air       100%       N/A       0%          3
 Airstrike                Air            76%        2d(11-27) 0%          4
 Animate Dead             Necr           100%       N/A       0%          4
 Dispel Undead            Necr           100%       3d31      0%          4
 Flame Wave               Conj/Fire      100%       2d21      0%          4
 Iskenderun's Mystic Bla  Conj/Tloc      100%       2d19      0%          4
 Petrify                  Tmut/Erth      100%       N/A       0%          4
 Sticky Flame             Conj/Fire      100%       2d11      0%          4
 Agony                    Necr           100%       N/A       0%          5
 Arcjolt                  Conj/Air       81%        1d91      0%          5
 Borgnjor's Vile Clutch   Necr/Erth      79%        N/A       0%          5
 Fireball                 Conj/Fire      94%        3d34      0%          5
 Irradiate                Conj/Tmut      67%        3d34      0%          5
 Iskenderun's Battlesphe  Conj           100%       2d15      0%          5
 Lightning Bolt           Conj/Air       81%        1d108     0%          5
 Conjure Ball Lightning   Conj/Air       81%        3x3d31    0%          6
 Death Channel            Necr           69%        N/A       0%          6
 Starburst                Conj/Fire      94%        6d24      0%          6
 Lesser Beckoning         Tloc           100%       N/A       1%          2
 Poisonous Vapours        Pois/Air       100%       N/A       1%          2
 Frozen Ramparts          Ice            100%       1d16      1%          3
 Gell's Gravitas          Tloc           100%       N/A       1%          3
 Ignite Poison            Fire/Tmut/Pois 100%       N/A       1%          3
 Inner Flame              Hex/Fire       100%       N/A       1%          3
 Portal Projectile        Hex/Tloc       100%       N/A       1%          3
 Teleport Other           Tloc           100%       N/A       1%          3
 Anguish                  Hex/Necr       53%        N/A       1%          4
 Animate Armour           Summ/Erth      100%       N/A       1%          4
 Fulminant Prism          Conj/Hex       56%        3d24      1%          4
 Ice Form                 Ice/Tmut       100%       N/A       1%          4
 Leda's Liquefaction      Hex/Erth       59%        N/A       1%          4
 Manifold Assault         Tloc           100%       N/A       1%          4
 Summon Lightning Spire   Summ/Air       100%       N/A       1%          4
 Alistair's Intoxication  Tmut/Pois      62%        N/A       1%          5
 Blade Hands              Tmut           61%        N/A       1%          5
 Freezing Cloud           Conj/Ice/Air   84%        6-21      1%          5
 Lee's Rapid Deconstruct  Erth           75%        3d34*     1%          5
 Silence                  Hex/Air        60%        N/A       1%          5
 Yara's Violent Unravell  Hex/Tmut       47%        3d18      1%          5
 Simulacrum               Ice/Necr       65%        N/A       1%          6
 Statue Form              Tmut/Erth      99%        N/A       1%          6
 Dragon Form              Tmut           61%        N/A       1%          7
 Spellforged Servitor     Conj/Summ      56%        N/A       1%          7
 Storm Form               Tmut/Air       75%        N/A       1%          7
 Borgnjor's Revivificati  Necr           69%        N/A       1%          8
 Infestation              Necr           69%        N/A       1%          8
 Lehudib's Crystal Spear  Conj/Erth      80%        10d18     1%          8
 Call Imp                 Summ           47%        N/A       2%          2
 Eringya's Noxious Bog    Tmut/Pois      47%        N/A       2%          6
 Confusing Touch          Hex            47%        N/A       4%          3
 Ozocubu's Armour         Ice            63%        N/A       4%          3
 Summon Guardian Golem    Hex/Summ       47%        N/A       4%          3
 Tukima's Dance           Hex            47%        N/A       4%          3
 Olgreb's Toxic Radiance  Pois           47%        N/A       4%          4
 Haunt                    Necr/Summ      53%        N/A       11%         7
 Cause Fear               Hex            23%        N/A       16%         4
 Summon Ice Beast         Ice/Summ       63%        N/A       16%         4
 Metabolic Englaciation   Hex/Ice        31%        N/A       41%         5
 Summon Mana Viper        Hex/Summ       47%        N/A       41%         5
 Disjunction              Tloc           53%        N/A       58%         8
 Malign Gateway           Summ/Tloc      42%        N/A       75%         7
 Summon Cactus Giant      Summ           23%        N/A       94%         6
 Ozocubu's Refrigeration  Ice            31%        4d14      95%         7
 Enfeeble                 Hex            23%        N/A       100%        7
 Summon Hydra             Summ           23%        N/A       100%        7
 Discord                  Hex            23%        N/A       100%        8
 Summon Horrible Things   Summ           23%        N/A       100%        8
 Dragon's Call            Summ           23%        N/A       100%        9
 Polar Vortex             Ice            31%        N/A       100%        9


Dungeon Overview and Level Annotations

Branches:
Dungeon (15/15)            Temple (1/1) D:4            Lair (5/5) D:11
 Shoals (4/4) Lair:2       Spider (4/4) Lair:3        Slime (5/5) Lair:4
    Orc (2/2) D:11            Elf (3/3) Orc:2        Vaults (5/5) D:14
  Crypt (3/3) Vaults:2       Tomb (1/3) Crypt:3      Depths (4/4) D:15
   Hell (visited)             Dis (6/7) Hell            Geh (7/7) Hell
    Coc (7/7) Hell            Tar (7/7) Hell            Zot (5/5) Depths:4
  Sewer (visited)           IceCv (visited)          WizLab (visited)

Altars:
Ashenzari
Cheibriados
Dithmenos
Elyvilon
Fedhas
Gozag
Kikubaaqudgha
Makhleb
Nemelex Xobeh
Okawaru
Qazlal
Ru
Sif Muna
Trog
Uskayaw
Vehumet
Xom
Zin
The Shining One

Shops:
D:7 [   Orc:2 ?:=!!   Vaults:3 ?   Vaults:4 ==:(   Depths:3 **

Portals:
Hell: Depths:1 Depths:2 Depths:3 Depths:4
Abyss: Depths:3
Pandemonium: Depths:1 Depths:2 Depths:4
Ziggurat: Depths:2

Annotations:
Geh:3 9 runed translucent doors


Innate Abilities, Weirdness & Mutations

Your serpentine skin is tough. (AC +9)
You have supernaturally acute eyesight. (SInv)
Armour fits poorly on your strangely shaped body.
Your system is resistant to poisons. (rPois)
You cover ground very slowly.
You can spit poison.
You can use your snake-like lower body to constrict enemies.
You have a beak for a mouth.
You possess an exceptional clarity of mind.
You are clumsy. (Dex -2)
Your flesh is cold resistant. (rC+)
Your magical capacity is low. (-10% MP)
You passively map a small area around you.
You expend magic power (3 MP) to strengthen your wands.


Message History

You feel strangely stable.
* * * LOW HITPOINT WARNING * * *
You feel much better.
You feel much better.
The quicksilver elemental closely misses you.
The tormentor grins madly.
You feel much better.
The quicksilver elemental breathes dispelling energy at you.
The bolt of dispelling energy hits you!!
You block the tormentor's attack.
The tormentor hits you but does no damage.
Casting: Iron Shot (safe; 1% risk of failure)
Confirm with . or Enter, or press ? or * to list all spells.
You don't know that spell.
Casting: Iron Shot (safe; 1% risk of failure)
Confirm with . or Enter, or press ? or * to list all spells.
You feel a surge of power!
You blink.
Casting: Blink (safe; 1% risk of failure)
Confirm with . or Enter, or press ? or * to list all spells.
Okay, then.
Casting: Blink (safe; 1% risk of failure)
Confirm with . or Enter, or press ? or * to list all spells.
You feel a surge of power!
You blink.
The quicksilver elemental breathes dispelling energy at you.
The bolt of dispelling energy hits you!!
The tormentor hits you but does no damage.
The tormentor closely misses you.
Casting: Blink (safe; 1% risk of failure)
Confirm with . or Enter, or press ? or * to list all spells.
You feel a surge of power!
You blink.
The tormentor calls on the powers of darkness!
Your body is wracked with pain!
* * * LOW HITPOINT WARNING * * *
The quicksilver elemental breathes dispelling energy at you.
The bolt of dispelling energy misses you.
The quicksilver elemental breathes dispelling energy at you.
The bolt of dispelling energy misses you.
The Hell Sentinel gestures at you.
The sphere of damnation explodes!
The damnation engulfs you!!!
You die...

.. ....# * .......#
#########.##...# ,
,*#....#..#.##...#
. *#..............#
,
..##.........E.§.^#
.............§1...#
............E2....#
.......@.........§#
.............∩....#
..................#
###################


You could see a Hell Sentinel, 2 quicksilver elementals and a tormentor.

Vanquished Creatures
  Cerebov (Pan)
  the Royal Jelly (Slime:5)
  Asmodeus (Geh:7)
  Antaeus (Coc:7)
  Gloorx Vloq (Pan)
  Ereshkigal (Tar:7)
  Dissolution (Slime:5)
  the Serpent of Hell (Geh:7)
  Lom Lobon (Pan)
  Mnoleg (Pan)
  4 dread liches
  Mara (Elf:3)
  7 ancient liches
  2 orbs of fire (Zot:5)
  2 juggernauts
  Boris (twice) (Crypt:2 Depths:2)
  5 pandemonium lords (Pan)
  21 shard shrikes
  5 Killer Klowns
  Frederick (Depths:3)
  The ghost of Hali the Executioner, a veteran FoFi of Dithmenos (Crypt:3)
  Saint Roka (Elf:2)
  Geryon (Hell)
  Bai Suzhen (Vaults:2)
  10 caustic shrikes
  Jory (Crypt:3)
  7 golden dragons
  13 profane servitors
  20 bone dragons
  8 doom hounds
  15 Brimstone Fiends
  18 Tzitzimimeh
  7 iron giants
  4 electric golems
  2 spectral shard shrikes
  Zenata (Elf:3)
  3 hellephants (Geh:6)
  22 tentacled monstrosities
  31 Ice Fiends
  3 shard shrike skeletons
  Rupert (Lair:4)
  21 tainted leviathans
  6 liches
  A walking earthen tome (Depths:3)
  13 Hell Sentinels
  3 deep elf blademasters
  23 titans
  6 quicksilver dragons
  23 Orb Guardians
  21 ancient champions
  25 acid blobs
  Murray (Hell)
  19 searing wretches
  Asterion (Spider:1)
  18 Executioners
  2 deep elf master archers (Elf:3)
  9 death cobs
  8 tentacled starspawn
  5 krakens
  16 sphinxes
  Agnes (D:15)
  15 shadow dragons
  7 tengu reavers
  14 storm dragons
  12 rockslimes
  4 draconian monks
  2 daevas (Pan)
  16 azure jellies
  5 revenants
  5 demonspawn warmongers (Pan)
  14 narguns
  5 emperor scorpions
  3 iron dragons
  8 quicksilver elementals
  5 draconian knights
  15 frost giants
  68 balrugs
  4 deep elf elementalists (Elf:3)
  16 vault wardens
  2 orc warlords
  15 fire giants
  11 ghost moths
  A spectral caustic shrike (Tar:3)
  8 draconian stormcallers
  3 curse skulls
  Aizul (Elf:2)
  24 ironbound preservers
  5 draconian scorchers
  7 reapers
  7 deep elf sorcerers
  18 stone giants
  11 shard shrike simulacra
  28 very ugly things
  3 draconian shifters (Zot:2)
  2 angels (Abyss:3)
  7 demonspawn corrupters (Pan)
  5 ghouls
  11 draconian annihilators
  2 juggernaut skeletons (Crypt:3)
  An ophan (Abyss:3)
  A quicksilver ooze (shapeshifter) (D:15)
  24 cacodemons
  3 spriggan defenders
  9 war gargoyles
  13 quicksilver oozes
  2 broodmothers
  6 caustic shrike skeletons
  3 demonspawn blood saints (Pan)
  7 ironbound thunderhulks
  5 deep elf demonologists
  9 green draconians
  24 elemental wellsprings
  Nessos (D:15)
  8 vampire knights
  7 lorocyprocas (Pan)
  13 red draconians
  7 deep elf annihilators
  22 putrid mouths
  8 white draconians
  13 black draconians
  14 wendigos
  12 dire elephants
  2 bennus (Tomb:1)
  14 yellow draconians
  5 spark wasps
  A spectral titan (Tar:2)
  3 crystal guardians
  10 eidola
  6 purple draconians
  14 deep elf death magi
  6 merfolk impalers
  5 merfolk javelineers
  2 spectral quicksilver dragons
  10 iron golems
  13 ettins
  17 green deaths (Pan)
  9 fire dragons
  2 mummy priests (Tomb:1)
  A spectral iron giant (Tar:2)
  9 yaktaur captains
  A spectral golden dragon (Tar:2)
  9 jiangshi
  4 entropy weavers
  17 blizzard demons
  3 spectral spriggans (Tar:2)
  6 deep elf high priests
  Josephine (D:11)
  A quicksilver dragon skeleton (Vaults:1)
  5 ice dragons
  6 spriggan air magi
  13 salamander tyrants
  3 merfolk aquamancers
  2 catoblepae
  6 hydras
  4 ogre magi
  28 vault guards
  A jorogumo (Spider:2)
  3 ghost crabs (Vaults:1)
  14 caustic shrike simulacra
  12 boulder beetles
  A peacekeeper (Vaults:2)
  13 great orbs of eyes
  7 radroaches
  9 juggernaut simulacra
  6 spriggan skeletons
  5 merfolk avatars
  8 rakshasas
  12 ironbound frosthearts
  5 hell beasts (Pan)
  9 centaur warriors
  9 two-headed ogres
  3 satyrs
  3 death knights
  29 dancing weapons
  A two-headed ogre (shapeshifter) (Vaults:5)
  An alligator snapping turtle (shapeshifter) (Vaults:5)
  A spectral stone giant (Tar:2)
  7 deep troll shamans
  8 thrashing horrors
  14 vampire magi
  11 death scarabs (Tomb:1)
  11 tengu warriors
  23 hell hogs
  8 stokers
  A bennu skeleton (Crypt:2)
  9 deep troll earth magi
  55 soul eaters
  23 hell knights
  3 spectral nagas
  5 spriggan berserkers
  2 titan zombies
  5 orc high priests
  17 deep elf knights
  2 crystal echidnas
  A salamander mystic (Depths:3)
  5 titan skeletons
  An iron giant zombie (Crypt:3)
  Amaemon (Lair:1)
  3 pharaoh ants
  38 skeletal warriors
  4 spriggans
  A sun moth (Spider:4)
  20 shadow wraiths
  10 wretched stars
  123 sun demons
  A spectral anaconda (Tar:2)
  41 sixfirhies
  A storm dragon skeleton (Depths:1)
  7 iron trolls
  A goliath frog (shapeshifter) (Vaults:2)
  3 orb spiders
  77 deep trolls
  6 quicksilver dragon simulacra
  5 flayed ghosts
  11 shadow demons
  17 sea snakes
  A tengu zombie (Depths:1)
  An orb spider (shapeshifter) (Vaults:5)
  24 ironbound convokers
  14 wizards
  2 golden dragon skeletons
  A shadow dragon zombie (Depths:1)
  13 spriggan simulacra
  8 deep elf archers
  A spectral iron dragon (Tar:3)
  31 harpies
  5 glowing orange brains
  2 bog bodies
  15 phantasmal warriors
  34 deep elf pyromancers
  A kraken simulacrum (Hell)
  2 steelbarb worms (shapeshifter)
  A fenstrider witch simulacrum (Coc:2)
  An iron dragon zombie (Crypt:1)
  A sphinx zombie (Vaults:5)
  Pikel (D:7)
  9 orc knights
  8 lindwurms
  7 orc sorcerers
  17 steelbarb worms
  13 necromancers
  20 wolf spiders
  2 stone giant zombies (Vaults:3)
  An obsidian statue (IceCv)
  43 deep elf zephyrmancers
  11 shining eyes
  A shining eye (shapeshifter) (Vaults:5)
  13 moths of wrath
  2 shadow dragon skeletons
  7 cyclopes
  An elephant (shapeshifter) (D:14)
  7 fauns
  2 worldbinders (Abyss:4)
  8 merfolk sirens
  16 manticores
  A manticore (shapeshifter) (Vaults:5)
  4 salamanders
  3 spectral centaurs
  A frost giant skeleton (Depths:1)
  2 spectral alligator snapping turtles
  32 ugly things
  29 demonic crawlers
  A rust devil (Pan)
  6 ice statues
  A naga zombie (Hell)
  6 naga magi
  A sphinx skeleton (Vaults:5)
  An apocalypse crab (Abyss:3)
  2 elf zombies
  A guardian serpent (Abyss:4)
  An iron dragon skeleton (Pan)
  14 vault sentinels
  8 torpor snails
  15 elephants
  8 molten gargoyles (Geh:7)
  39 hellions
  58 smoke demons
  6 titan simulacra
  7 water nymphs
  5 eyes of devastation
  48 orange demons
  9 black mambas
  2 emperor scorpion simulacra (Coc:1)
  A storm dragon simulacrum (Coc:1)
  A gargoyle (D:11)
  15 cane toads
  3 naga skeletons
  An alligator snapping turtle zombie (Crypt:2)
  An elephant slug zombie (Crypt:2)
  2 cane toads (shapeshifter)
  A dire elephant skeleton (Crypt:3)
  5 unseen horrors (Tar:7)
  6 rime drakes
  10 komodo dragons
  7 anaconda simulacra
  15 efreet
  6 freezing wraiths
  2 golden dragon simulacra
  A kobold demonologist (D:14)
  4 spectral deep trolls (Crypt:3)
  30 tormentors
  3 sea snake zombies (Hell)
  3 iron giant simulacra (Coc:7)
  A yaktaur (shapeshifter) (Abyss:4)
  6 ancient zymes
  32 yaktaurs
  9 tengu conjurers
  A hydra zombie (Hell)
  11 red devils
  3 silent spectres
  6 guardian mummies (Tomb:1)
  2 sea snake skeletons (Hell)
  5 ice devils
  41 merfolk
  5 trolls
  6 spectral harpies
  A queen bee (Lair:4)
  An iron troll skeleton (Crypt:3)
  A meliai (shapeshifter) (D:14)
  12 meliai
  39 hellwings
  A polar bear (shapeshifter) (D:14)
  A merfolk (shapeshifter) (Vaults:5)
  8 hornets
  A queen bee (shapeshifter) (D:13)
  4 polar bears
  A blink frog (shapeshifter) (Vaults:2)
  13 tarantellas
  A blink frog (Lair:5)
  21 dream sheep
  Grinder (D:4)
  2 human skeletons
  3 hydra skeletons
  A spriggan zombie (Depths:1)
  2 tarantella zombies
  4 harpy skeletons
  22 raiju
  13 snapping turtles
  Sigmund (D:3)
  5 iron dragon simulacra
  50 large abominations
  7 wind drakes
  5 stone giant simulacra
  4 flying skulls (Crypt:2)
  3 air elementals (Elf:2)
  2 naga simulacra
  A spriggan (shapeshifter) (D:13)
  23 jumping spiders
  A merfolk skeleton (Crypt:3)
  99 slime creatures
  10 water elementals
  16 culicivoras
  4 wraiths
  32 ynoxinuls
  8 dire elephant simulacra
  2 shadows
  An ushabti (Tomb:1)
  A culicivora (shapeshifter) (Vaults:2)
  A satyr skeleton (Crypt:1)
  6 vampires
  21 fire elementals
  Grum (D:8)
  6 wyverns
  2 ettin skeletons (Crypt:3)
  56 yaks
  35 redbacks
  A slime creature zombie (Crypt:3)
  43 chaos spawn
  17 vampire mosquitoes
  5 basilisks
  4 alligator snapping turtle simulacra
  9 golden eyes
  3 steam dragons
  A human simulacrum (Vaults:3)
  26 neqoxecs
  A redback (shapeshifter) (Vaults:5)
  16 harpy simulacra
  6 minotaur simulacra (IceCv)
  3 two-headed ogre zombies (WizLab)
  5 wargs
  11 water moccasins
  3 acid dragons
  A demonspawn skeleton (Crypt:3)
  3 floating eyes
  11 small abominations
  A two-headed ogre skeleton (Crypt:1)
  4 hell hounds
  15 orc warriors
  A hornet zombie (Crypt:3)
  A fire dragon simulacrum (Vaults:1)
  2 sky beasts
  2 alligator simulacra (IceCv)
  2 ettin simulacra
  4 ice beasts
  12 ogres
  A black bear (D:7)
  5 wolves
  A manticore skeleton (Crypt:2)
  A rime drake zombie (Crypt:2)
  16 centaurs
  32 starcursed masses
  A kobold brigand (D:5)
  16 bullfrogs
  A rime drake skeleton (Crypt:3)
  9 necrophages
  4 gnoll sergeants
  9 earth elementals
  3 scorpions
  14 deep troll simulacra (IceCv)
  An elf skeleton (Crypt:1)
  9 troll zombies (WizLab)
  24 wights
  An elephant simulacrum (Vaults:1)
  31 killer bees
  A shapeshifter zombie (Crypt:2)
  A lindwurm simulacrum (IceCv)
  A raiju skeleton (Crypt:3)
  2 howler monkeys
  8 crimson imps (Pan)
  2 quasits
  4 hounds
  6 jellies
  A gnoll bouda (D:7)
  20 orc priests
  A bullfrog skeleton (Crypt:2)
  An iron imp (Abyss:1)
  22 hell rats
  20 orc wizards
  2 iguanas (D:4)
  4 troll simulacra (Vaults:1)
  A killer bee zombie (Crypt:3)
  5 ogre zombies (WizLab)
  4 mummies (Tomb:1)
  35 gnolls
  14 adders
  2 river rats (Lair:4)
  4 shadow imps
  4 white imps
  2 ufetubi
  3 worms
  A dart slug (D:4)
  91 orcs
  14 ball pythons
  6 bats
  A bat skeleton (Crypt:1)
  13 endoplasms
  14 giant cockroaches
  11 goblins
  8 hobgoblins
  17 jackals
  17 quokkas
  11 frilled lizards
  7 kobolds
  A rat (D:3)
  A rat zombie (Crypt:3)
  9 ball lightnings (Pan)
  10 creeping infernos
  29 fire vortices
  A plant (Shoals:1)
  6 starspawn tentacles
  8 tentacles (Shoals:3)
4321 creatures vanquished.

Vanquished Creatures (collateral kills)
  A shard shrike (Coc:7)
  A tentacled monstrosity (Zot:5)
  An Orb Guardian (Zot:5)
  2 titans
  A shadow dragon (Zot:1)
  A draconian knight (Zot:2)
  A draconian scorcher (Zot:3)
  2 cacodemons (Pan)
  A red draconian (Zot:2)
  A purple draconian (Zot:2)
  2 elemental wellsprings
  2 large abominations (Pan)
  A titan skeleton (Pan)
  A hellion (Pan)
  An anaconda simulacrum (Coc:7)
  A guardian mummy (Tomb:1)
  A neqoxec (Pan)
  2 chaos spawn (Pan)
  3 floating eyes (Pan)
  2 small abominations (Abyss:3)
  2 starcursed masses
  A mummy (Tomb:1)
  5 foxfires (Lair:3)
36 creatures vanquished.

Vanquished Creatures (others)
  A shard shrike (Coc:6)
  An eldritch tentacle (Pan)
  A red draconian (Zot:5)
  An ogre mage (Vaults:1)
  A hell hog (Geh:6)
  A shadow demon (Pan)
  A quicksilver dragon simulacrum (Coc:4)
  A wizard (Pan)
  A hellwing (Pan)
  A hell rat (Hell)
  9 ball lightnings (Pan)
  A bush (Lair:5)
  5 creeping infernos
  4 demonic plants (Abyss:3)
  637 fire vortices
  590 foxfires
  58 fungi
  7 lurking horrors
  195 plants
  10 starspawn tentacles
  37 tentacles
1563 creatures vanquished.

Grand Total: 5920 creatures vanquished

Notes
Turn   | Place    | Note
-------+----------+-------------------------------------------
     0 | D:1      | wormed the Naga Fire Elementalist began the quest for the
                  | Orb.
     0 | D:1      | Reached XP level 1. HP: 15/15 MP: 3/3
   103 | D:1      | You fall into a shaft and drop 1 floor!
   595 | D:2      | Reached XP level 2. HP: 24/24 MP: 5/5
   598 | D:2      | Learned a level 2 spell: Scorch
   667 | D:2      | Reached XP level 3. HP: 30/30 MP: 2/6
   927 | D:2      | Reached skill level 1 in Fighting
  1344 | D:2      | Reached XP level 4. HP: 38/38 MP: 4/7
  1432 | D:3      | Found a blossoming altar of Fedhas.
  1538 | D:3      | Reached skill level 4 in Stealth
  1664 | D:3      | Reached XP level 5. HP: 9/44 MP: 4/8
  1883 | D:3      | Learned a level 3 spell: Inner Flame
  2024 | D:3      | Noticed Sigmund
  2048 | D:3      | Killed Sigmund
  2049 | D:3      | Reached XP level 6. HP: 26/52 MP: 2/10
  2052 | D:3      | Reached skill level 5 in Stealth
  2580 | D:4      | Noticed Grinder
  2591 | D:4      | Killed Grinder
  2592 | D:4      | Reached XP level 7. HP: 46/61 MP: 5/12
  2774 | D:4      | Found a glowing drain.
  2785 | Sewer    | Entered a sewer
  3145 | Sewer    | Reached skill level 6 in Stealth
  3150 | Sewer    | Reached XP level 8. HP: 48/69 MP: 4/13
  3228 | Sewer    | Got the Vademecum on Charmed Grit
  3290 | D:4      | Found a staircase to the Ecumenical Temple.
  3379 | Temple   | Entered the Ecumenical Temple
  3470 | Temple   | Became a worshipper of Vehumet
  4591 | D:5      | Entered Level 5 of the Dungeon
  4634 | D:5      | Got the Papyrus of Arcane Weapons
  4870 | D:5      | Reached * piety under Vehumet
  4870 | D:5      | Offered knowledge of Kiss of Death by Vehumet.
  4948 | D:5      | Reached skill level 5 in Fire Magic
  4956 | D:5      | Reached skill level 7 in Stealth
  5082 | D:5      | Offered knowledge of Static Discharge by Vehumet.
  5087 | D:5      | Reached ** piety under Vehumet
  5363 | D:5      | Identified the +1 robe of the Skies Above {*Corrode +Blink
                  | rF- Archmagi}
  5409 | D:5      | Noticed an Executioner
  5410 | D:5      | Found a burning altar of Makhleb.
  5415 | D:5      | Found a glowing silver altar of Zin.
  5415 | D:5      | Noticed an angel
  5454 | D:5      | Reached XP level 9. HP: 75/78 MP: 10/15
  5634 | D:5      | Found a white marble altar of Elyvilon.
  5636 | D:5      | Found an ancient bone altar of Kikubaaqudgha.
  5639 | D:5      | Found a bloodstained altar of Trog.
  6334 | D:6      | Reached skill level 5 in Conjurations
  6502 | D:6      | Reached skill level 8 in Stealth
  7053 | D:7      | Found Ymuiw's Antique Armour Boutique.
  7110 | D:7      | Noticed Pikel
  7125 | D:6      | Reached skill level 5 in Spellcasting
  7320 | D:7      | Reached skill level 5 in Fighting
  7332 | D:7      | Offered knowledge of Ignite Poison by Vehumet.
  7386 | D:7      | Killed Pikel
  7387 | D:7      | Reached skill level 9 in Stealth
  7387 | D:7      | Reached XP level 10. HP: 85/88 MP: 11/18
  7436 | D:7      | Reached skill level 5 in Dodging
  7454 | D:7      | Identified the +7 long sword "Cail" {speed, Will++ Str-5}
  7509 | D:7      | Reached *** piety under Vehumet
  7846 | D:7      | Identified a scroll of acquirement
  7846 | D:7      | Acquired 1264 gold pieces
  7996 | D:8      | Noticed Grum
  8001 | D:8      | Killed Grum
  8089 | D:8      | Noticed a manticore
  8097 | D:8      | Killed a manticore
  8323 | D:8      | Reached skill level 10 in Stealth
  8903 | D:9      | Noticed a two-headed ogre
  9058 | D:9      | Offered knowledge of Iskenderun's Mystic Blast by Vehumet.
  9064 | D:9      | Learned a level 4 spell: Iskenderun's Mystic Blast
  9138 | D:9      | Killed a two-headed ogre
  9664 | D:10     | Entered Level 10 of the Dungeon
  9724 | D:10     | Reached XP level 11. HP: 69/99 MP: 11/20
  9766 | D:10     | Reached **** piety under Vehumet
 10046 | D:10     | Reached skill level 1 in Shields
 10168 | D:10     | Reached skill level 11 in Stealth
 10399 | D:11     | Noticed a cyclops
 10401 | D:11     | Noticed Josephine
 10406 | D:11     | Offered knowledge of Frozen Ramparts by Vehumet.
 10406 | D:11     | Killed a cyclops
 10546 | D:11     | Noticed a two-headed ogre
 10551 | D:11     | Killed a two-headed ogre
 10586 | D:11     | Noticed a deep elf pyromancer
 10586 | D:11     | Noticed a deep elf pyromancer
 10588 | D:11     | Noticed a deep elf zephyrmancer
 10589 | D:11     | Noticed a deep elf zephyrmancer
 10589 | D:11     | Noticed a deep elf zephyrmancer
 10680 | D:11     | Killed a deep elf pyromancer
 10701 | D:11     | Noticed a deep elf zephyrmancer
 10713 | D:11     | Killed a deep elf zephyrmancer
 10713 | D:11     | Killed a deep elf zephyrmancer
 10724 | D:11     | Killed a deep elf zephyrmancer
 10726 | D:11     | Killed a deep elf zephyrmancer
 10747 | D:11     | Killed a deep elf pyromancer
 10757 | D:11     | Noticed a deep elf zephyrmancer
 10763 | D:11     | Killed a deep elf zephyrmancer
 10771 | D:11     | Noticed a deep elf pyromancer
 10775 | D:11     | Killed a deep elf pyromancer
 10776 | D:11     | Reached skill level 12 in Stealth
 10992 | D:11     | Noticed a deep elf zephyrmancer
 10996 | D:11     | Killed a deep elf zephyrmancer
 10997 | D:11     | Reached XP level 12. HP: 79/109 MP: 19/22
 11162 | D:11     | Identified the +0 ring mail of Inference {+Blink Will++
                  | MP-9 Stlth+}
 11299 | D:11     | Killed Josephine
 11547 | D:11     | Found a staircase to the Orcish Mines.
 11897 | D:11     | Found a staircase to the Lair.
 11996 | Lair:1   | Entered Level 1 of the Lair of Beasts
 12114 | Lair:1   | Reached ***** piety under Vehumet
 12295 | Lair:1   | Noticed Amaemon
 12302 | Lair:1   | Killed Amaemon
 12306 | Lair:1   | Offered knowledge of Lightning Bolt by Vehumet.
 12321 | Lair:1   | Learned a level 5 spell: Lightning Bolt
 13136 | Lair:1   | Learned a level 5 spell: Irradiate
 13139 | Lair:1   | Learned a level 2 spell: Blink
 13380 | Lair:2   | Reached skill level 13 in Stealth
 13633 | Lair:2   | Found a staircase to the Shoals.
 14471 | Lair:3   | Gained mutation: You can use your snake-like lower body to
                  | constrict enemies. [Naga growth]
 14471 | Lair:3   | Reached XP level 13. HP: 96/118 MP: 13/25
 14612 | Lair:3   | Found a hole to the Spider Nest.
 14854 | Lair:3   | Reached skill level 5 in Shields
 16115 | Lair:4   | Reached skill level 14 in Stealth
 16560 | Lair:4   | Found a staircase to the Slime Pits.
 17331 | Lair:4   | Identified the +1 chain mail of Suhadate {Contam rElec rN+
                  | SInv}
 17346 | Lair:4   | Identified the +0 cloak of the Cobbler {Int+3}
 17511 | Lair:4   | Reached skill level 10 in Fire Magic
 17643 | Lair:4   | Reached XP level 14. HP: 83/129 MP: 23/27
 17668 | Lair:4   | Noticed Rupert
 17676 | Lair:4   | Killed Rupert
 18252 | Lair:5   | Entered Level 5 of the Lair of Beasts
 18259 | Lair:5   | Offered knowledge of Fireball by Vehumet.
 18260 | Lair:5   | Reached skill level 15 in Stealth
 18268 | Lair:4   | Learned a level 5 spell: Fireball
 18514 | Lair:5   | Reached skill level 10 in Conjurations
 18653 | Lair:5   | Reached skill level 10 in Fighting
 19603 | Lair:4   | Found a staircase to the Slime Pits.
 20373 | Lair:4   | Found a staircase to the Slime Pits.
 21387 | Lair:5   | Reached skill level 16 in Stealth
 21387 | Lair:5   | Reached skill level 1 in Air Magic
 21413 | Lair:5   | Reached skill level 10 in Spellcasting
 21711 | Lair:5   | Offered knowledge of Conjure Ball Lightning by Vehumet.
 22107 | Orc:1    | Entered Level 1 of the Orcish Mines
 22149 | Orc:1    | Reached XP level 15. HP: 140/140 MP: 13/29
 22607 | Orc:2    | Entered Level 2 of the Orcish Mines
 22710 | Orc:2    | Found Larag's Distillery.
 22899 | Orc:2    | Found a staircase to the Elven Halls.
 23636 | Orc:2    | Found Muhibrasch's Distillery.
 23641 | Orc:2    | Found Baoko Lug's Jewellery Shop.
 23648 | Orc:2    | Found Ohar Toy's Book Shop.
 23668 | Orc:2    | Found Suibearph's Magic Scroll Emporium.
 23674 | Orc:2    | Bought the Unrestrained Analects for 704 gold pieces
 23674 | Orc:2    | Bought a book of Iron for 576 gold pieces
 23681 | Orc:2    | Learned a level 6 spell: Iron Shot
 24043 | D:12     | Reached skill level 1 in Earth Magic
 24271 | D:12     | Offered knowledge of Eringya's Noxious Bog by Vehumet.
 24418 | D:12     | Identified the +6 broad axe "Oqyhujaeta" {pain, rElec
                  | Dex+3}
 25283 | D:13     | Reached skill level 17 in Stealth
 26261 | D:14     | Found a gate to the Vaults.
 26295 | D:14     | Reached skill level 5 in Earth Magic
 26679 | D:14     | Learned a level 8 spell: Ignition
 26730 | D:15     | Entered Level 15 of the Dungeon
 26786 | D:15     | Noticed Nessos
 26788 | D:15     | Killed Nessos
 26788 | D:15     | Offered knowledge of Lee's Rapid Deconstruction by Vehumet.
 26837 | D:15     | Reached skill level 10 in Dodging
 26890 | D:15     | Reached XP level 16. HP: 135/150 MP: 21/31
 27142 | D:15     | Found a radiant altar of Vehumet.
 27154 | D:15     | Reached skill level 18 in Stealth
 27217 | D:15     | Noticed Agnes
 27223 | D:15     | Killed Agnes
 28078 | D:15     | Found a staircase to the Depths.
 28391 | Spider:1 | Entered Level 1 of the Spider Nest
 28641 | Spider:1 | Found the necklace of Bloodlust {Fury *Rage Will++ Int-3
                  | Slay+6}
 28886 | Spider:1 | Noticed Asterion
 28890 | Spider:1 | Noticed an Executioner
 28893 | Spider:1 | Killed Asterion
 28909 | Spider:1 | Reached skill level 19 in Stealth
 29811 | Spider:2 | Offered knowledge of Freezing Cloud by Vehumet.
 29822 | Spider:1 | Learned a level 5 spell: Freezing Cloud
 29868 | Spider:2 | Reached skill level 10 in Earth Magic
 30691 | Spider:2 | Reached skill level 20 in Stealth
 30766 | Spider:2 | Reached XP level 17. HP: 157/157 MP: 16/32
 31817 | Spider:4 | Entered Level 4 of the Spider Nest
 32728 | Spider:4 | Offered knowledge of Maxwell's Capacitive Coupling by
                  | Vehumet.
 33802 | Spider:4 | Got a gossamer rune of Zot
 33979 | Shoals:1 | Entered Level 1 of the Shoals
 34322 | Shoals:1 | Noticed a kraken
 34336 | Shoals:1 | Killed a kraken
 34641 | Shoals:2 | Reached XP level 18. HP: 165/165 MP: 29/33
 34665 | Shoals:2 | Acquired the +8 kite shield of Impatience {Regen+}
 34677 | Shoals:2 | Identified the +1 dire flail of Cocytus {vamp, *Noise rF+
                  | rN+++ Dex-4}
 34950 | Shoals:2 | Reached ****** piety under Vehumet
 35398 | Shoals:3 | Offered knowledge of Fire Storm by Vehumet.
 35398 | Shoals:3 | Offered knowledge of Shatter by Vehumet.
 35398 | Shoals:3 | Offered knowledge of Chain Lightning by Vehumet.
 35555 | Shoals:3 | Identified the ring of Lufre {rPois AC+4 Str+3}
 36347 | Shoals:3 | Identified the +9 short sword of Zugu {antimagic, rC+}
 36564 | Shoals:3 | Reached skill level 10 in Shields
 36652 | Shoals:4 | Entered Level 4 of the Shoals
 36856 | Shoals:4 | Reached skill level 21 in Stealth
 36856 | Shoals:4 | Reached skill level 5 in Air Magic
 37459 | Shoals:4 | Reached XP level 19. HP: 88/175 MP: 34/34
 37533 | Shoals:4 | Got a barnacled rune of Zot
 37814 | Shoals:4 | Identified the +9 spear of Heif Dof {elec, rF+ Str+3}
 38309 | Vaults:1 | Entered Level 1 of the Vaults
 38479 | Vaults:1 | Found a magical portal.
 38484 | WizLab   | Entered Zonguldrok's Shrine
 38950 | WizLab   | Noticed an antique lich
 38953 | WizLab   | Killed an antique lich
 38977 | WizLab   | Found the +9 sword of Zonguldrok {reap}
 39333 | Vaults:1 | Got Texam's Annotations on Graupel
 40000 | Vaults:1 | Noticed a bone dragon
 40007 | Vaults:1 | Killed a bone dragon
 40378 | Vaults:1 | Got Niqaz's Quarto of Ectoplasm
 40538 | Vaults:1 | Got the Papyrus of Curses
 40713 | Vaults:2 | Noticed Bai Suzhen
 41065 | Vaults:2 | Reached XP level 20. HP: 183/183 MP: 32/36
 41438 | Orc:2    | Bought the ring of Jishrita {rElec rCorr} for 510 gold
                  | pieces
 42103 | Vaults:2 | Found a staircase to the Crypt.
 42320 | Vaults:2 | Reached skill level 22 in Stealth
 43051 | Vaults:2 | Killed Bai Suzhen
 44711 | Vaults:3 | Reached XP level 21. HP: 190/190 MP: 37/37
 44910 | Vaults:3 | Found Zudu's Magic Scroll Shoppe.
 45107 | Vaults:3 | Reached skill level 15 in Conjurations
 45953 | Vaults:4 | Found Ment's Jewellery Boutique.
 45970 | Vaults:4 | Found Becwoz's Jewellery Emporium.
 46079 | Vaults:4 | Reached skill level 1 in Armour
 46132 | Vaults:4 | Bought a +6 ring of intelligence for 360 gold pieces
 46132 | Vaults:4 | Bought a ring of protection from fire for 250 gold pieces
 46174 | Vaults:4 | Found Hobol's Weapon Shop.
 46301 | Vaults:4 | Found Cari's Book Emporium.
 46960 | Vaults:4 | Reached skill level 23 in Stealth
 47368 | Elf:1    | Entered Level 1 of the Elven Halls
 47947 | Elf:1    | Identified the +2 pair of gloves "Hihukhel" {rF- rC++ Str-4
                  | Stlth+}
 47953 | Elf:1    | Got the Writings on Trauma and Production
 48418 | Elf:2    | Reached XP level 22. HP: 198/198 MP: 39/39
 48539 | Elf:2    | Noticed Saint Roka
 48542 | Elf:2    | Killed Saint Roka
 48971 | Elf:2    | Found a runed translucent gate.
 48971 | Elf:2    | Found a runed translucent gate.
 48971 | Elf:2    | Found a runed translucent gate.
 49641 | Elf:3    | Entered Level 3 of the Elven Halls
 49658 | Elf:3    | Found a flickering gateway to a bazaar.
 49663 | Bazaar   | Entered a bazaar
 49667 | Bazaar   | Found Vioziq Cuth's Jewellery Boutique.
 49689 | Bazaar   | Found Teikuc's Antique Armour Emporium.
 49710 | Bazaar   | Found Aduis's General Store.
 49715 | Bazaar   | Bought a book of Death for 572 gold pieces
 49730 | Bazaar   | Found Ydghapnod's Antique Weapon Shoppe.
 49896 | Elf:3    | Noticed Aizul
 49899 | Elf:3    | Noticed Mara
 49916 | Elf:2    | Killed Aizul
 50081 | Elf:3    | Found a frozen archway.
 50084 | Elf:3    | Noticed Zenata
 50090 | Elf:3    | Killed Zenata
 50176 | IceCv    | Entered an ice cave
 50716 | IceCv    | Reached skill level 5 in Armour
 50768 | IceCv    | Identified the +2 gold dragon scales of Brilliance {rElec
                  | rPois rF+ rC+ Str+2 Dex-5}
 51220 | Elf:3    | Identified the +2 lajatang "Lupil" {speed, rN+ Will+ Int+2}
 51230 | Elf:3    | Identified the +2 halberd "Xirraas" {flame, Fly Will+++
                  | rCorr Str-5}
 51230 | Elf:3    | Identified the amulet "Tanib" {Acrobat Str+2}
 51320 | Elf:3    | Identified the +2 flail of Hubris {venom, Dex+9}
 51636 | Elf:3    | Identified the amulet "Etujygu" {Acrobat -Cast rElec rCorr}
 51639 | Elf:3    | Identified the +4 plate armour of Terror {*Slow rN+ Int+8}
 51710 | Elf:3    | Found the +3 Elemental Staff {rElec rF++ rC++ AC+5}
 51713 | Elf:3    | Got the Quarto of Electric Modification
 52145 | Elf:3    | Reached XP level 23. HP: 197/205 MP: 11/40
 52343 | Elf:3    | Killed Mara
 52679 | Slime:1  | Entered Level 1 of the Pits of Slime
 53015 | Slime:2  | Reached skill level 10 in Air Magic
 53403 | Slime:3  | Reached skill level 24 in Stealth
 54432 | Slime:5  | Entered Level 5 of the Pits of Slime
 54729 | Slime:5  | Noticed the Royal Jelly
 54735 | Slime:5  | Killed the Royal Jelly
 54791 | Slime:5  | Noticed Dissolution
 54984 | Slime:5  | Killed Dissolution
 55039 | Slime:5  | Got a slimy rune of Zot
 55040 | Slime:5  | Identified the amulet "Kaefylyo" {Acrobat MP-9 Dex+8 SInv
                  | Stlth-}
 55051 | Slime:5  | Identified the +1 pair of gloves of Wayfeb {Fly Will++
                  | Str+3 Dex-3}
 55109 | Slime:5  | Identified the +5 quarterstaff of Tender Mercy {venom, rF+}
 55160 | Slime:5  | Identified the +10 rapier "Bediho Gaeni" {freeze, rF+}
 55164 | Slime:5  | Identified the ring of Music {Fire MP+9 Int+2}
 55165 | Slime:5  | Identified the +3 scale mail of Wauxt {Int+2 Stlth+}
 55739 | Vaults:5 | Entered Level 5 of the Vaults
 55752 | Vaults:5 | Reached XP level 24. HP: 170/213 MP: 24/41
 56064 | Vaults:5 | Reached skill level 15 in Earth Magic
 56194 | Vaults:5 | Reached skill level 15 in Fire Magic
 56357 | Vaults:5 | Identified the +0 plate armour of Responsibility {Stlth+}
 56408 | Vaults:5 | Acquired the ring "Kyutz" {rCorr EV+5 Slay+3}
 56595 | Vaults:5 | Got a silver rune of Zot
 56600 | Vaults:5 | Identified the +1 plate armour "Cecihoen" {*Corrode +Inv
                  | MP-9 Dex+8}
 56963 | Vaults:5 | Identified the +5 halberd of Kachamy {vamp, Int+2}
 57206 | Vaults:5 | Reached skill level 25 in Stealth
 57729 | Crypt:1  | Entered Level 1 of the Crypt
 57740 | Crypt:1  | Learned a level 9 spell: Fire Storm
 58199 | Crypt:1  | Reached XP level 25. HP: 220/220 MP: 41/41
 58905 | Crypt:2  | Noticed an ancient lich
 58910 | Crypt:2  | Killed an ancient lich
 58968 | Crypt:2  | Found the +6 Majin-Bo {spellvamp, MP+6 Int+6}
 59207 | Crypt:2  | Noticed Boris
 59214 | Crypt:2  | Killed Boris
 59472 | Crypt:3  | Entered Level 3 of the Crypt
 59574 | Crypt:3  | Found a runed translucent door.
 59575 | Crypt:3  | Found a shimmering altar of Xom.
 59575 | Crypt:3  | Noticed Hali's ghost (veteran FoFi)
 59896 | Crypt:3  | Noticed Jory
 59904 | Crypt:3  | Killed Jory
 59909 | Crypt:3  | Reached skill level 15 in Spellcasting
 60033 | Crypt:3  | Noticed a dread lich
 60036 | Crypt:3  | Killed a dread lich
 60107 | Crypt:3  | Identified the ring of Wusepoeti {Fire +Blink Will+}
 60442 | Crypt:3  | Found a staircase to the Tomb.
 60661 | Crypt:3  | Found the +5 scythe "Finisher" {speed, eviscerate}
 60666 | Crypt:3  | Identified the +5 shortbow of Ascent {drain, Int+3}
 60713 | Crypt:3  | Found the +7 great mace "Firestarter" {flame, inner flame,
                  | rFlCloud rF++}
 60933 | Crypt:3  | Identified the +0 mace of Doom {speed, rN+ Int-2 Dex+2}
 61382 | Depths:1 | Entered Level 1 of the Depths
 61703 | Depths:1 | Found a gateway to Hell.
 61871 | Depths:1 | Reached XP level 26. HP: 229/229 MP: 42/42
 62679 | Depths:1 | Found a one-way gate leading to the halls of Pandemonium.
 62814 | Depths:2 | Noticed Boris
 62903 | Depths:2 | Reached skill level 26 in Stealth
 63221 | Depths:2 | Identified the +3 spear of the Twelve Interlopers {freeze,
                  | rF+ rC+}
 63477 | Depths:2 | Killed Boris
 63611 | Depths:2 | Found a one-way gateway to a ziggurat.
 64022 | Depths:3 | Noticed a juggernaut
 64032 | Depths:3 | Killed a juggernaut
 64033 | Depths:3 | Reached skill level 10 in Armour
 64267 | Depths:3 | Found a one-way gate to the infinite horrors of the Abyss.
 64548 | Depths:3 | Found Qeuro's Assorted Antiques.
 64553 | Depths:3 | Found Zomy Maa's General Store.
 65214 | Depths:3 | Noticed Frederick
 65217 | Depths:3 | Killed Frederick
 65331 | Depths:3 | Reached XP level 27. HP: 236/236 MP: 10/42
 65570 | Depths:4 | Entered Level 4 of the Depths
 65659 | Depths:4 | Reached skill level 15 in Shields
 65903 | Depths:4 | Noticed a juggernaut
 65907 | Depths:4 | Killed a juggernaut
 66143 | Depths:4 | Found a gate to the Realm of Zot.
 66370 | Depths:4 | Reached skill level 27 in Stealth
 66676 | Depths:4 | Learned a level 9 spell: Chain Lightning
 66686 | Depths:4 | Learned a level 8 spell: Necromutation
 66699 | Zot:1    | Entered Level 1 of the Realm of Zot
 67570 | Zot:1    | Found a transporter.
 67599 | Zot:1    | Found a transporter.
 67640 | Zot:1    | Found a transporter.
 67662 | Zot:1    | Found a transporter.
 69444 | Zot:3    | Reached skill level 15 in Air Magic
 70971 | Zot:5    | Entered Level 5 of the Realm of Zot
 71279 | Zot:5    | Noticed a dread lich
 71289 | Zot:5    | Killed a dread lich
 71392 | Zot:5    | Noticed an orb of fire
 71697 | Zot:5    | Killed an orb of fire
 71865 | Zot:5    | Noticed a dread lich
 71870 | Zot:5    | Killed a dread lich
 71938 | Zot:5    | Noticed an orb of fire
 71940 | Zot:5    | Gained mutation: You are clumsy. (Dex -2) [an orb of fire]
 71942 | Zot:5    | Killed an orb of fire
 71944 | Zot:5    | Reached skill level 1 in Necromancy
 71944 | Zot:5    | Reached skill level 1 in Transmutations
 72002 | Zot:5    | Noticed an ancient lich
 72007 | Zot:5    | Killed an ancient lich
 72163 | Zot:5    | Noticed an ancient lich
 72164 | Zot:5    | Killed an ancient lich
 72260 | Zot:5    | Reached skill level 5 in Necromancy
 72260 | Zot:5    | Reached skill level 5 in Transmutations
 72834 | Crypt:3  | Lost mutation: You are clumsy. (Dex -2) [potion of
                  | mutation]
 72834 | Crypt:3  | Gained mutation: You sometimes lose your temper in combat.
                  | [potion of mutation]
 72834 | Crypt:3  | Gained mutation: Your spells are a little harder to cast,
                  | but a little more powerful. [potion of mutation]
 72834 | Crypt:3  | Gained mutation: You have an increased reservoir of magic.
                  | (+10% MP) [potion of mutation]
 72835 | Crypt:3  | Lost mutation: You have an increased reservoir of magic.
                  | (+10% MP) [potion of mutation]
 72835 | Crypt:3  | Lost mutation: Your spells are a little harder to cast, but
                  | a little more powerful. [potion of mutation]
 72835 | Crypt:3  | Gained mutation: You have an increased reservoir of magic.
                  | (+10% MP) [potion of mutation]
 72835 | Crypt:3  | Gained mutation: You are frail. (-10% HP) [potion of
                  | mutation]
 72836 | Crypt:3  | Lost mutation: You sometimes lose your temper in combat.
                  | [potion of mutation]
 72836 | Crypt:3  | Lost mutation: You have an increased reservoir of magic.
                  | (+10% MP) [potion of mutation]
 72836 | Crypt:3  | Lost mutation: You are frail. (-10% HP) [potion of
                  | mutation]
 72836 | Crypt:3  | Gained mutation: You occasionally shout uncontrollably at
                  | your foes. [potion of mutation]
 72836 | Crypt:3  | Gained mutation: Your magical capacity is low. (-10% MP)
                  | [potion of mutation]
 72837 | Crypt:3  | Lost mutation: Your magical capacity is low. (-10% MP)
                  | [potion of mutation]
 72837 | Crypt:3  | Lost mutation: You occasionally shout uncontrollably at
                  | your foes. [potion of mutation]
 72837 | Crypt:3  | Gained mutation: You do not regenerate when monsters are
                  | visible. [potion of mutation]
 72837 | Crypt:3  | Gained mutation: You have a somewhat thin skeletal
                  | structure. (Dex +2, Stealth+) [potion of mutation]
 72838 | Crypt:3  | Lost mutation: You have a somewhat thin skeletal structure.
                  | (Dex +2, Stealth+) [potion of mutation]
 72838 | Crypt:3  | Lost mutation: You do not regenerate when monsters are
                  | visible. [potion of mutation]
 72838 | Crypt:3  | Gained mutation: Your magical capacity is low. (-10% MP)
                  | [potion of mutation]
 72838 | Crypt:3  | Gained mutation: Your muscles are strong. (Str +4, Int/Dex
                  | -1) [potion of mutation]
 72838 | Crypt:3  | Gained mutation: Your muscles are very strong. (Str +8,
                  | Int/Dex -2) [potion of mutation]
 72838 | Crypt:3  | Gained mutation: You are somewhat resistant to further
                  | mutation. [potion of mutation]
 72901 | Crypt:3  | Lost mutation: Your magical capacity is low. (-10% MP)
                  | [potion of mutation]
 72901 | Crypt:3  | Lost mutation: You are somewhat resistant to further
                  | mutation. [potion of mutation]
 72901 | Crypt:3  | Gained mutation: You sometimes lose your temper in combat.
                  | [potion of mutation]
 72901 | Crypt:3  | Gained mutation: Your movements are slightly less
                  | encumbered by armour. (ER -2) [potion of mutation]
 72902 | Crypt:3  | Lost mutation: Your muscles are very strong. (Str +8,
                  | Int/Dex -2) [potion of mutation]
 72902 | Crypt:3  | Lost mutation: You sometimes lose your temper in combat.
                  | [potion of mutation]
 72902 | Crypt:3  | Gained mutation: You passively dampen the noise of your
                  | surroundings. [potion of mutation]
 72902 | Crypt:3  | Gained mutation: You are clumsy. (Dex -2) [potion of
                  | mutation]
 72902 | Crypt:3  | Gained mutation: You possess an exceptional clarity of
                  | mind. [potion of mutation]
 72907 | Crypt:3  | Killed Hali's ghost
 72925 | Crypt:3  | Learned a level 6 spell: Dispersal
 72930 | Crypt:3  | Learned a level 4 spell: Passage of Golubria
 73255 | Depths:3 | Bought 3 potions of mutation for 576 gold pieces
 73503 | Orc:2    | Bought a potion of curing for 39 gold pieces
 73503 | Orc:2    | Bought a potion of lignification for 39 gold pieces
 73503 | Orc:2    | Bought a potion of cancellation for 104 gold pieces
 73503 | Orc:2    | Bought a potion of resistance for 130 gold pieces
 73503 | Orc:2    | Bought a potion of ambrosia for 104 gold pieces
 73503 | Orc:2    | Bought a potion of curing for 39 gold pieces
 73503 | Orc:2    | Bought a potion of brilliance for 52 gold pieces
 73503 | Orc:2    | Bought a potion of curing for 39 gold pieces
 73530 | Orc:2    | Bought a potion of curing for 42 gold pieces
 73530 | Orc:2    | Bought a potion of curing for 42 gold pieces
 73530 | Orc:2    | Bought a potion of curing for 42 gold pieces
 73530 | Orc:2    | Bought a potion of haste for 140 gold pieces
 73530 | Orc:2    | Bought a potion of heal wounds for 70 gold pieces
 73530 | Orc:2    | Bought a potion of magic for 112 gold pieces
 73530 | Orc:2    | Bought a potion of mutation for 112 gold pieces
 73542 | Orc:2    | Bought a scroll of magic mapping for 112 gold pieces
 73542 | Orc:2    | Bought a scroll of magic mapping for 112 gold pieces
 73542 | Orc:2    | Bought a scroll of blinking for 112 gold pieces
 73795 | Vaults:3 | Bought a scroll of amnesia for 64 gold pieces
 73795 | Vaults:3 | Bought a scroll of amnesia for 64 gold pieces
 73795 | Vaults:3 | Bought a scroll of blinking for 120 gold pieces
 73795 | Vaults:3 | Bought 3 scrolls of teleportation for 144 gold pieces
 73795 | Vaults:3 | Lost mutation: Your movements are slightly less encumbered
                  | by armour. (ER -2) [potion of mutation]
 73795 | Vaults:3 | Lost mutation: Your muscles are strong. (Str +4, Int/Dex
                  | -1) [potion of mutation]
 73795 | Vaults:3 | Gained mutation: You occasionally lose the ability to drink
                  | potions when taking damage. [potion of mutation]
 73796 | Vaults:3 | Lost mutation: You are clumsy. (Dex -2) [potion of
                  | mutation]
 73796 | Vaults:3 | Lost mutation: You possess an exceptional clarity of mind.
                  | [potion of mutation]
 73796 | Vaults:3 | Lost mutation: You occasionally lose the ability to drink
                  | potions when taking damage. [potion of mutation]
 73796 | Vaults:3 | Gained mutation: Your flesh is heat resistant. (rF+)
                  | [potion of mutation]
 74080 | Tomb:1   | Entered Level 1 of the Tomb of the Ancients
 74262 | Tomb:1   | Reached skill level 1 in Translocations
 74472 | Tomb:1   | Reached skill level 1 in Evocations
 75322 | Depths:3 | Voluntarily entered the Abyss.
 75461 | Depths:3 | Escaped the Abyss
 75545 | Depths:3 | Voluntarily entered the Abyss.
 75655 | Abyss:3  | Found a corrupted altar of Lugonu.
 75701 | Abyss:3  | Found a corrupted altar of Lugonu.
 75749 | Abyss:3  | Found a glowing golden altar of the Shining One.
 75863 | Abyss:4  | Found a corrupted altar of Lugonu.
 75939 | Depths:3 | Escaped the Abyss
 76249 | Hell     | Entered the Vestibule of Hell
 76249 | Hell     | Noticed Geryon
 76314 | Hell     | Killed Geryon
 76349 | Hell     | Noticed Murray
 76353 | Hell     | Killed Murray
 76642 | Hell     | Found a gateway to the Iron City of Dis.
 76737 | Hell     | Found a gateway to the freezing wastes of Cocytus.
 76921 | Hell     | Found a gateway to the decaying netherworld of Tartarus.
 77034 | Hell     | Found a gateway to the ashen valley of Gehenna.
 77100 | Dis:1    | Entered Level 1 of the Iron City of Dis
 77156 | Depths:3 | Voluntarily entered the Abyss.
 77255 | Abyss:4  | Got an abyssal rune of Zot
 77433 | Abyss:4  | Noticed an ancient lich
 77492 | Abyss:4  | Reached skill level 5 in Translocations
 77541 | Depths:3 | Escaped the Abyss
 77723 | Pan      | Entered Pandemonium
 78143 | Pan      | Reached skill level 5 in Evocations
 78187 | Pan      | Noticed Qostoti the pandemonium lord
 78198 | Pan      | Killed Qostoti the pandemonium lord
 78372 | Pan      | Identified the ring "Ucaplud" {rPois Str+6 Dex+3}
 78757 | Pan      | Entered the realm of Gloorx Vloq.
 79065 | Pan      | Noticed Gloorx Vloq
 79070 | Pan      | Killed Gloorx Vloq
 79236 | Pan      | Got a dark rune of Zot
 79324 | Pan      | Identified the +9 morningstar of Barnacled Tender Mercy
                  | {spect, Will+ rCorr}
 80146 | Pan      | Noticed Taoteef the pandemonium lord
 80544 | Pan      | Noticed Hyobeu the pandemonium lord
 80549 | Pan      | Gained mutation: You have hidden genetic defects. [a
                  | cacodemon]
 80551 | Pan      | Gained mutation: You occasionally lose the ability to drink
                  | potions when taking damage. [a cacodemon]
 80579 | Pan      | Lost mutation: Your flesh is heat resistant. (rF+) [potion
                  | of mutation]
 80579 | Pan      | Lost mutation: You have hidden genetic defects. [potion of
                  | mutation]
 80579 | Pan      | Gained mutation: You are occasionally teleported next to
                  | monsters. [potion of mutation]
 80579 | Pan      | Lost mutation: You occasionally lose the ability to drink
                  | potions when taking damage. [potion of mutation]
 80579 | Pan      | Gained mutation: You have hidden genetic potential. [potion
                  | of mutation]
 80580 | Pan      | Lost mutation: You are occasionally teleported next to
                  | monsters. [potion of mutation]
 80580 | Pan      | Lost mutation: You have hidden genetic potential. [potion
                  | of mutation]
 80580 | Pan      | Lost mutation: You passively dampen the noise of your
                  | surroundings. [potion of mutation]
 80580 | Pan      | Gained mutation: You possess an exceptional clarity of
                  | mind. [potion of mutation]
 80580 | Pan      | Gained mutation: You passively map a small area around you.
                  | [potion of mutation]
 80580 | Pan      | Gained mutation: You have a beak for a mouth. [potion of
                  | mutation]
 80773 | Pan      | Killed Hyobeu the pandemonium lord
 80846 | Pan      | Entered the realm of Cerebov.
 81222 | Pan      | Reached skill level 10 in Necromancy
 81224 | Pan      | Reached skill level 10 in Transmutations
 81586 | Pan      | Found the +6 sword of Cerebov {flame}
 81586 | Pan      | Noticed Cerebov
 81600 | Pan      | Killed Cerebov
 81643 | Pan      | Identified the +3 whip of Disaster {holy, Stlth+}
 81645 | Pan      | Identified the +4 great sword of Exceptional Action
                  | {antimagic, Drain rPois Int+3}
 81696 | Pan      | Got a fiery rune of Zot
 81780 | Pan      | Identified the ring "Ameteq" {AC+4 Dex+6}
 81851 | Pan      | Identified the +2 short sword "Iggaj" {speed, Fly}
 82105 | Pan      | Identified the +1 whip "Goblinbane" {speed, Fly Str+8
                  | Dex-3}
 82647 | Pan      | Got Sif Muna's Dissertation on the Gaseous Shot
 82737 | Pan      | Noticed Udaugut the pandemonium lord
 82980 | Pan      | Reached skill level 10 in Translocations
 83017 | Pan      | Killed Udaugut the pandemonium lord
 83246 | Pan      | Noticed Regomp the pandemonium lord
 83250 | Pan      | Killed Regomp the pandemonium lord
 83251 | Pan      | Reached skill level 10 in Evocations
 83872 | Pan      | Entered the realm of Lom Lobon.
 83950 | Pan      | Reached skill level 1 in Staves
 85275 | Pan      | Noticed Lom Lobon
 85291 | Pan      | Killed Lom Lobon
 85485 | Pan      | Got a magical rune of Zot
 85812 | Pan      | Gained mutation: You are clumsy. (Dex -2) [mutagenic glow]
 85884 | Pan      | Reached skill level 5 in Staves
 85957 | Pan      | Entered the realm of Mnoleg.
 86473 | Pan      | Gained mutation: You expend magic power (3 MP) to
                  | strengthen your wands. [a neqoxec]
 86500 | Pan      | Gained mutation: Your flesh is cold resistant. (rC+) [a
                  | shining eye]
 86884 | Pan      | Gained mutation: Your magical capacity is low. (-10% MP) [a
                  | neqoxec]
 87515 | Pan      | Found an exit through the horrors of the Abyss.
 87594 | Pan      | Noticed Mnoleg
 87601 | Pan      | Killed Mnoleg
 87734 | Pan      | Got a glowing rune of Zot
 87848 | Pan      | Found an exit through the horrors of the Abyss.
 88011 | Pan      | Found a huge runed translucent gate.
 88013 | Pan      | Found a huge runed translucent gate.
 88035 | Pan      | Noticed Ipsait the pandemonium lord
 88042 | Pan      | Killed Ipsait the pandemonium lord
 88051 | Pan      | Got a demonic rune of Zot
 88625 | Pan      | Reached skill level 15 in Transmutations
 88701 | Pan      | Reached skill level 15 in Necromancy
 88948 | Pan      | Reached skill level 10 in Staves
 88995 | Pan      | Found an exit through the horrors of the Abyss.
 89363 | Pan      | Took an exit into the Abyss.
 89363 | Abyss:4  | Escaped into the Abyss
 89475 | Abyss:4  | Paralysed by accursed screaming for 1 turns
 89712 | Depths:2 | Escaped the Abyss
 89859 | Tar:1    | Entered Level 1 of Tartarus
 90972 | Tar:1    | You are sucked into a shaft and drop 1 floor!
 91120 | Tar:2    | Reached skill level 1 in Throwing
 91140 | Tar:2    | Noticed an ancient lich
 91145 | Tar:2    | Killed an ancient lich
 93029 | Tar:7    | Entered Level 7 of Tartarus
 93043 | Tar:7    | Reached skill level 5 in Throwing
 94290 | Tar:7    | Identified the ring "Qixuo" {Str+4 Slay+4}
 94478 | Tar:7    | Identified the +7 morningstar of Suruh {heavy, Int+4
                  | Stlth-}
 94941 | Tar:7    | Noticed Ereshkigal
 95527 | Tar:7    | Killed Ereshkigal
 95585 | Tar:7    | Got a bone rune of Zot
 95816 | Geh:1    | Entered Level 1 of Gehenna
 96157 | Geh:2    | HP: 4/229 [balrug/+0 demon whip (13)]
 96157 | Geh:2    | HP: 1/229 [balrug/+0 demon whip (3)]
 96625 | Geh:3    | Found a runed translucent gate.
 96625 | Geh:3    | Found a runed translucent gate.
 96625 | Geh:3    | Found a runed translucent gate.
 96625 | Geh:3    | Found a runed translucent gate.
 96625 | Geh:3    | Found a runed translucent gate.
 96625 | Geh:3    | Found a runed translucent gate.
 96625 | Geh:3    | Found a runed translucent gate.
 96625 | Geh:3    | Found a runed translucent gate.
 96625 | Geh:3    | Found a runed translucent gate.
 96625 | Geh:3    | Found a runed translucent gate.
 96625 | Geh:3    | Found a runed translucent gate.
 96626 | Geh:3    | Found a runed translucent gate.
 96933 | Geh:4    | Noticed a dread lich
 96945 | Geh:4    | Killed a dread lich
 97294 | Geh:5    | Noticed an ancient lich
 97297 | Geh:5    | Killed an ancient lich
 98072 | Geh:7    | Entered Level 7 of Gehenna
 98668 | Geh:7    | Noticed the Serpent of Hell
 98682 | Geh:7    | Killed the Serpent of Hell
 99623 | Geh:7    | Found the +7 sceptre of Asmodeus
 99623 | Geh:7    | Noticed Asmodeus
 99629 | Geh:7    | Killed Asmodeus
 99703 | Geh:7    | Got an obsidian rune of Zot
 99723 | Geh:7    | Identified the +0 pair of gloves of Charity {Regen+ Str+2}
 99878 | Coc:1    | Entered Level 1 of Cocytus
101129 | Coc:2    | Lost dexterity.
101262 | Coc:5    | HP: 10/229 [??? (8)]
101646 | Coc:6    | Reached skill level 10 in Throwing
101869 | Coc:6    | Paralysed by a wendigo for 1 turns
102037 | Coc:6    | Learned a level 9 spell: Death's Door
102046 | Coc:7    | Entered Level 7 of Cocytus
103192 | Coc:7    | Noticed Antaeus
103507 | Coc:7    | Killed Antaeus
103580 | Coc:7    | Identified the +0 robe of Skepticism {+Inv}
103593 | Coc:7    | Identified the ring of Xoawobla {rPois rCorr Slay+3 Stlth+}
103614 | Coc:7    | Got an icy rune of Zot
103983 | Coc:7    | Identified the +2 robe "Xotauf" {*Slow rElec rF++ Stlth+}
104319 | Dis:2    | Found a huge runed gate.
104319 | Dis:2    | Found a huge runed gate.
104319 | Dis:2    | Found a huge runed gate.
104319 | Dis:2    | Found a huge runed gate.
104319 | Dis:2    | Found a huge runed gate.
104319 | Dis:2    | Found a huge runed gate.
104319 | Dis:2    | Found a huge runed gate.
104319 | Dis:2    | Found a huge runed gate.
104319 | Dis:2    | Found a huge runed gate.
104320 | Dis:2    | Found a huge runed gate.
104320 | Dis:2    | Found a huge runed gate.
104321 | Dis:2    | Found a huge runed gate.
104322 | Dis:2    | Found a huge runed gate.
104323 | Dis:2    | Found a huge runed gate.
104328 | Dis:2    | Found a huge runed gate.
104330 | Dis:2    | Found a huge runed gate.
104391 | Dis:2    | Found a huge runed gate.
104397 | Dis:2    | Found a huge runed gate.
104397 | Dis:2    | Found a huge runed gate.
104397 | Dis:2    | Found a huge runed gate.
104398 | Dis:2    | Found a huge runed gate.
104398 | Dis:2    | Found a huge runed gate.
104399 | Dis:2    | Found a huge runed gate.
104400 | Dis:2    | Found a huge runed gate.
104421 | Dis:2    | Found a huge runed gate.
104430 | Dis:2    | Found a huge runed gate.
104430 | Dis:2    | Found a huge runed gate.
104430 | Dis:2    | Found a huge runed gate.
104430 | Dis:2    | Found a huge runed gate.
104430 | Dis:2    | Found a huge runed gate.
104430 | Dis:2    | Found a huge runed gate.
104431 | Dis:2    | Found a huge runed gate.
104432 | Dis:2    | Found a huge runed gate.
104433 | Dis:2    | Found a huge runed gate.
104441 | Dis:2    | Found a huge runed gate.
104441 | Dis:2    | Found a huge runed gate.
104990 | Dis:4    | Found a huge runed gate.
105070 | Dis:4    | Found a huge runed gate.
105070 | Dis:4    | Found a huge runed gate.
105070 | Dis:4    | Found a huge runed gate.
105071 | Dis:4    | Found a huge runed gate.
105071 | Dis:4    | Found a huge runed gate.
105071 | Dis:4    | Found a huge runed gate.
105072 | Dis:4    | Found a huge runed gate.
105072 | Dis:4    | Found a huge runed gate.
105072 | Dis:4    | Found a huge runed gate.
105116 | Dis:4    | Found a huge runed gate.
105175 | Dis:4    | Found a huge runed gate.
105176 | Dis:4    | Found a huge runed gate.
105177 | Dis:4    | Found a huge runed gate.
105178 | Dis:4    | Found a huge runed gate.
105179 | Dis:4    | Found a huge runed gate.
105180 | Dis:4    | Found a huge runed gate.
105180 | Dis:4    | Noticed an ancient lich
105188 | Dis:4    | Killed an ancient lich
105218 | Dis:4    | Found a huge runed gate.
105219 | Dis:4    | Found a huge runed gate.
105227 | Dis:4    | Found a huge runed gate.
105227 | Dis:4    | Found a huge runed gate.
105227 | Dis:4    | Found a huge runed gate.
105227 | Dis:4    | Found a huge runed gate.
105228 | Dis:4    | Found a huge runed gate.
105229 | Dis:4    | Found a huge runed gate.
105230 | Dis:4    | Found a huge runed gate.
105231 | Dis:4    | Found a huge runed gate.
105232 | Dis:4    | Found a huge runed gate.
105240 | Dis:4    | Found a huge runed gate.
105240 | Dis:4    | Found a huge runed gate.
105240 | Dis:4    | Found a huge runed gate.
105240 | Dis:4    | Found a huge runed gate.
105240 | Dis:4    | Found a huge runed gate.
105240 | Dis:4    | Found a huge runed gate.
105241 | Dis:4    | Found a huge runed gate.
105242 | Dis:4    | Found a huge runed gate.
106004 | Dis:6    | Killed from afar by a Hell Sentinel

Illustrated notes

Levels and vault maps discovered:
D:1:      spicycebolla_arrival_ecumenical, layout_rooms, st_stairs_10
D:2:      cheibrodos_greedy_goblins, layout_loops_ring, minmay_circled_x
D:3:      layout_loops_ring, fedhas_altar_3, uniq_sigmund
D:4:      nicolae_cairo_tiling, layout_cave_pools, temple_statues,
          gup_sewer_entry_pipe, grunt_tough_drop, uniq_grinder
D:5:      lemuel_castle_with_subvaults [lemuel_castle_interior_original],
          layout_basic, grunt_temple_overflow_diamond,
          grunt_temple_overflow_order_and_chaos_2, kennysheep_generic_room_9
D:6:      layout_loops_corners
D:7:      layout_cave_pools, serial_shops, shop, uniq_pikel
D:8:      layout_basic, uniq_grum
D:9:      layout_basic
D:10:     layout_loops_cross
D:11:     layout_cave_pods, lair_entry_dummy, erik_orc_4, elves_outpost_lemuel,
          uniq_josephine
D:12:     layout_loops_ring
D:13:     layout_stronghold
D:14:     layout_cave_pools, skrybe_vaults_entry_preservation, minmay_hedge_maze
D:15:     gammafunk_enter_depths_forms, layout_loops_ring, fiery_altar_vehumet,
          chequers_arboretum, minmay_beelzebubs_servants, uniq_nessos,
          uniq_agnes
Temple:   nicolae_temple_superstar
Lair:1:   layout_long_grid, nicolae_lair_lil_pond, st_stairs_3,
          chequers_serial_rivers_micro_b, grunt_megastairs_1, uniq_amaemon
Lair:2:   layout_cave_pods, nicolae_shoals_entry_roost,
          grunt_forest_small_clearings, patterned_corridor
Lair:3:   layout_small_grid, spider_nest_entry_rubble, enter_volcano_4
Lair:4:   regret_index_tunnel_blossom, layout_small_grid,
          nicolae_slime_entry_field_trip, uniq_rupert
Lair:5:   gammafunk_lair_ancient_temple, layout_loops_ring, serial_bayou_shore_b
Shoals:1: layout_shoals
Shoals:2: layout_shoals, nicolae_shoals_shepherds
Shoals:3: layout_shoals, kb_tengu_band
Shoals:4: shoals_end_simple, layout_shoals, abandoned_shop
Spider:1: layout_cave_pods, nicolae_spider_nooks_and_crannies, uniq_asterion
Spider:2: layout_spider_delve
Spider:3: layout_spider_delve
Spider:4: hellmonk_spider_rune_bug_friends
Slime:1:  layout_caves
Slime:2:  layout_caves
Slime:3:  layout_caves
Slime:4:  layout_caves, cheibrodos_slime_lost_civilization_4
Slime:5:  uniq_dissolution
Orc:1:    layout_caves
Orc:2:    st_orc_elflike, layout_caves, serial_shops, nicolae_shop_waterfront
Elf:1:    eino_elf_arrival_shootout, layout_loops_cross, minmay_elf_sorcery
Elf:2:    elven_hall_of_blades_hangedman_original [nicolae_blade_lattice],
          layout_geoelf_grid, uniq_saint_roka
Elf:3:    grunt_elf_hall_branching, layout_loops_corners, serial_shops,
          bzr_entry_dummy, portal_ice_cave_entry_ice_statue_two,
          guppyfry_elf_garden, uniq_mara, uniq_zenata, uniq_aizul
Vaults:1: mu_enter_wizlab_2, ontoclasm_vaults_fault, hangedman_vaults_pinch,
          layout_vaults_omnigrid, serial_hangedman_research,
          hangedman_research_probablistics, hangedman_research_thermodynamics,
          hangedman_research_thanatology, hangedman_research_quantum
Vaults:2: st_octagons_2, ontoclasm_vaults_twist,
          minmay_crypt_entry_simple_walls, v_misc_30, v_rooms_2,
          nicolae_vaults_specimen_jars, ontoclasm_vaults_chip,
          hangedman_vaults_maws, v_misc_17, layout_vaults_maze_snakey,
          uniq_bai_suzhen
Vaults:3: nicolae_vaults_shelves_hall, vaults_mumra_hexcomb, v_misc_5,
          nicolae_vaults_yaktaur_gun_rack,
          vaults_standard_mumra_enter_the_diamond, nicolae_vaults_what_the_h,
          nicolae_vaults_little_squares_5, v_alt_pattern_1, v_pattern_5,
          nicolae_vaults_little_squares_5, nicolae_vaults_little_squares_2,
          st_cells, layout_vaults_ring, serial_shops,
          nicolae_shop_advertising_works [nicolae_subvault_shop_adworks]
Vaults:4: nicolae_vaults_puzzle_piece, nicolae_vaults_network_barrier, v_misc_9,
          nicolae_vaults_angled_halls, nicolae_vaults_gold_heap,
          vaults_room_door_hall, layout_vaults_chaotic_city, serial_shops,
          nicolae_shop_behind_doors, shop, shop, nicolae_shop_waterfront
Vaults:5
Crypt:1:  layout_gridlike, grunt_crypt_arrival_webbed
Crypt:2:  minmay_guarded_unrand_majin_bo, layout_misc_corridors, uniq_boris
Crypt:3:  due_elkab, layout_chaotic_city, ebering_ghost_xom,
          skrybe_necro_troll_2, uniq_grunn, uniq_jory
Tomb:1
Depths:1: layout_honeycomb, serial_rivers, chequers_serial_rivers_marsh,
          chequers_serial_rivers_micro_c, chequers_serial_rivers_large_a,
          chequers_serial_rivers_micro_a, chequers_serial_rivers_micro_c,
          chequers_serial_rivers_room_a, pf_hell_entry_tar_spiral, pan_entry,
          grunt_decor_fettered, st_stairs_6, kennysheep_small_spiral,
          grunt_decor_resistance, hellmonk_bongcloud_opening,
          serial_bayou_pond_a, kennysheep_small_square
Depths:2: cheibrodos_birdhouse, layout_basic, enter_ziggurat_a, hellmouth_1,
          pan_entry, amcnicky_mini_rare_corridor_liquid,
          minmay_staircase_windowed_large
Depths:3: grunt_crosshair, layout_honeycomb, kennysheep_boxes, grunt_metal_band,
          abyss_entry, minmay_shop_star, uniq_frederick
Depths:4: evilmike_zot_entry_diamond, layout_cave_shapes, hell_entry,
          rand_demon_pan_entry_5, nicolae_concentric_dashed_squares_mild,
          kennysheep_random_hallway, grunt_megastairs_3
Hell
Dis:1:    layout_regular_city
Dis:2:    layout_regular_city, door_vault
Dis:3:    layout_jigsaw, glass_columns_b
Dis:4:    layout_subdivisions, door_vault
Dis:5:    layout_subdivisions
Dis:6:    layout_gridville
Geh:1:    layout_gehenna_lava_caves
Geh:2:    layout_gehenna_lava_caves
Geh:3:    layout_gehenna_lava_caves, nicolae_geh_backdraft
Geh:4:    layout_gehenna_lava_caves
Geh:5:    layout_gehenna_pools_box, lemuel_flamethrower_2
Geh:6:    layout_gehenna_lava_caves, nicolae_geh_gnashing_of_teeth
Geh:7:    geh_grunt
Coc:1:    layout_cocytus_water_paths
Coc:2:    layout_ice_bergs
Coc:3:    layout_cocytus_water_paths
Coc:4:    layout_cocytus_water_paths
Coc:5:    layout_ice_bergs
Coc:6:    layout_cocytus_water_paths
Coc:7:    coc_grunt_cove [coc_grunt_cove_antaeus, coc_grunt_cove_fiend,
          coc_grunt_cove_fiend, coc_grunt_cove_fiend, coc_grunt_cove_fiend]
Tar:1:    layout_grid_maze, nicolae_tar_grid_combs
Tar:2:    layout_grid_maze, nicolae_tar_honey_chapel
Tar:3:    layout_honeycomb
Tar:4:    layout_honeycomb
Tar:5:    layout_grid_maze
Tar:6:    layout_grid_maze, nicolae_hells_hurtin_island
Tar:7:    tar_mu [tar_mu_maze]
Zot:1:    layout_onion, hangedman_zot_decor_tridents, nicolae_transporter_circle
Zot:2:    layout_onion
Zot:3:    layout_twisted_circle, bh_zot_ikea_curve
Zot:4:    lemuel_firehouse, layout_onion_interference, nicolae_zot_crop_circle
Zot:5:    layout_misc_corridors, skrybe_zot_glass_3

Skill      XL: |  1  2  3  4  5  6  7  8  9 10 11 12 13 14 15 16 17 18 19 20 21 22 23 24 25 26 27 |
---------------+----------------------------------------------------------------------------------+-----
Dodging        | 2 3 4 5 6 7 8 9 10 11 12 | 12.0
Fighting       | 1 2 3 4 5 6 7 8 9 10 11 12 | 12.0
Stealth        | 4 5 6 7 9 10 12 13 14 16 17 20 21 22 23 24 25 26 27 | 27.0
Conjurations   | 2 3 4 5 6 7 8 9 10 11 12 13 14 15 16 17 18 19 20 26 | 26.5
Spellcasting   | 3 4 5 6 7 8 9 10 11 12 13 14 15 18 | 18.0
Fire Magic     | 4 5 6 7 8 9 10 11 12 13 14 15 16 19 | 19.0
Shields        | 3 4 5 10 11 12 13 14 16 | 16.0
Air Magic      | 1 3 4 5 6 7 8 9 10 11 12 13 19 | 19.0
Earth Magic    | 5 11 12 13 14 15 16 18 | 18.0
Armour         | 3 5 7 8 9 10 12 | 12.0
Necromancy     | 23 | 23.4
Transmutations | 17 | 17.0
Translocations | 12 | 12.0
Evocations     | 12 | 12.0
Staves         | 12 | 12.0
Throwing       | 10 | 10.0

Action                     |  1- 3 |  4- 6 |  7- 9 | 10-12 | 13-15 | 16-18 | 19-21 | 22-24 | 25-27 || total
---------------------------+-------+-------+-------+-------+-------+-------+-------+-------+-------++-------
  Melee: Dagger            |    25 |       |       |       |       |       |       |       |       ||    25
         Unarmed           |     2 |       |       |       |       |       |       |       |       ||     2
         Staff             |       |    14 |     1 |       |    22 |    81 |   122 |    21 |   625 ||   886
         Constrict         |       |       |       |       |     8 |    16 |    25 |     2 |    71 ||   122
         Peck              |       |       |       |       |       |       |       |       |   193 ||   193
  Throw: Dart              |       |       |       |       |     7 |       |       |       |       ||     7
         Javelin           |       |       |       |       |       |       |       |       |     6 ||     6
   Cast: Foxfire           |    15 |     4 |    81 |   156 |    87 |       |       |       |       ||   343
         Scorch            |    29 |    61 |   196 |   113 |   156 |       |       |       |       ||   555
         Inner Flame       |       |       |    24 |   145 |    79 |       |       |       |       ||   248
         Fireball          |       |       |       |       |   289 |   193 |    94 |   106 |    23 ||   705
         Lightning Bolt    |       |       |       |       |     9 |       |       |       |       ||     9
         Iron Shot         |       |       |       |       |    41 |   365 |   565 |   397 |  1512 ||  2880
         Freezing Cloud    |       |       |       |       |       |    55 |     8 |     1 |     1 ||    65
         Irradiate         |       |       |       |       |       |     7 |       |     1 |       ||     8
         Iskenderun's Myst |       |       |       |       |       |     2 |       |       |       ||     2
         Ignition          |       |       |       |       |       |       |     4 |    79 |    82 ||   165
         Fire Storm        |       |       |       |       |       |       |       |       |   601 ||   601
         Chain Lightning   |       |       |       |       |       |       |       |       |   300 ||   300
         Necromutation     |       |       |       |       |       |       |       |       |   105 ||   105
         Blink             |       |       |       |       |       |       |       |       |     4 ||     4
         Passage of Golubr |       |       |       |       |       |       |       |       |     3 ||     3
Ability: Spit Poison       |       |       |     1 |       |       |       |       |       |       ||     1
         End Transformatio |       |       |       |       |       |       |       |       |     5 ||     5
         Evoke Blink       |       |       |       |       |       |       |       |       |     4 ||     4
    Use: Scroll            |       |     5 |    10 |     8 |    16 |     4 |     7 |     5 |    21 ||    76
         Potion            |       |     2 |       |       |     2 |     6 |    13 |     3 |    34 ||    60
   Stab: Distracted        |       |       |       |       |       |       |     2 |       |     3 ||     5
 Armour: Robe              |    20 |    23 |    76 |    52 |   139 |   217 |   102 |    76 |   888 ||  1593
  Dodge: Dodged            |    29 |    24 |    52 |    39 |   138 |   148 |   104 |    38 |   359 ||   931
  Block: Other             |     6 |       |       |       |       |       |       |       |       ||     6
         Buckler           |       |       |       |    13 |    64 |    48 |       |       |       ||   125
         Kite shield       |       |       |       |       |       |    92 |   344 |   110 |  1380 ||  1926

Table legend: (Time is in decaauts)
 A = Elapsed time spent in this place.
 B = Non-inter-level travel time spent in this place.
 C = Inter-level travel time spent in this place.
 D = Time resting spent in this place.
 E = Time spent auto-exploring this place.
 F = Levels seen in this place.
 G = Mean time per level.
                   A        B        C        D        E       F      G
               +--------+--------+--------+--------+--------+-----+--------+
         Total | 132070 | 118734 |  13336 |   4700 |  88173 | 112 | 1179.2 |
       Dungeon |  21483 |  18885 |   2598 |    360 |  16024 |  15 | 1432.2 |
        Temple |    160 |    128 |     32 |      0 |    104 |   1 |  160.0 |
          Lair |  13173 |  11567 |   1606 |    269 |   9866 |   5 | 2634.6 |
        Shoals |   5132 |   4805 |    327 |    127 |   3806 |   4 | 1283.0 |
   Spider Nest |   6995 |   6081 |    914 |    230 |   4820 |   4 | 1748.8 |
    Slime Pits |   3460 |   3198 |    262 |     34 |   2633 |   5 |  692.0 |
  Orcish Mines |   2647 |   2061 |    586 |      0 |   1782 |   2 | 1323.5 |
   Elven Halls |   5090 |   4746 |    344 |    131 |   3495 |   3 | 1696.7 |
        Vaults |  13421 |  11374 |   2047 |    385 |   7405 |   5 | 2684.2 |
         Crypt |   4976 |   4323 |    653 |      0 |   3507 |   3 | 1658.7 |
          Tomb |   1156 |   1146 |     10 |     96 |    711 |   1 | 1156.0 |
        Depths |   8649 |   7204 |   1445 |    596 |   5275 |   4 | 2162.2 |
          Hell |   1722 |   1449 |    273 |    339 |    774 |   1 | 1722.0 |
           Dis |   2228 |   2156 |     72 |     46 |   1515 |   6 |  371.3 |
       Gehenna |   4605 |   4154 |    451 |     48 |   2854 |   7 |  657.9 |
       Cocytus |   5469 |   4671 |    798 |     10 |   3657 |   7 |  781.3 |
      Tartarus |   6080 |   5616 |    464 |    403 |   4042 |   7 |  868.6 |
           Zot |   7361 |   6915 |    446 |    488 |   5067 |   5 | 1472.2 |
         Abyss |   1503 |   1503 |      0 |    180 |    427 |   7 |  214.7 |
   Pandemonium |  14133 |  14133 |      0 |    954 |   8859 |  16 |  883.3 |
        Bazaar |    140 |    140 |      0 |      0 |    115 |   1 |  140.0 |
         Sewer |    527 |    527 |      0 |      0 |    306 |   1 |  527.0 |
      Ice Cave |   1273 |   1273 |      0 |      0 |    739 |   1 | 1273.0 |
        Wizlab |    676 |    676 |      0 |      0 |    381 |   1 |  676.0 |
               +--------+--------+--------+--------+--------+-----+--------+

Top non-repeatable levels by time:
  Lair:4: 5928 daAuts
   Tar:7: 3433 daAuts
Vaults:2: 3220 daAuts
Vaults:1: 3148 daAuts
Depths:3: 2860 daAuts
   Coc:7: 2663 daAuts
Vaults:3: 2580 daAuts
 Crypt:3: 2380 daAuts
Vaults:4: 2378 daAuts
  Lair:3: 2351 daAuts
Depths:1: 2246 daAuts
   Geh:7: 2182 daAuts
Spider:1: 2174 daAuts
Depths:2: 2107 daAuts
Vaults:5: 2093 daAuts
